 Dungeon Crawl Stone Soup version 0.20.1-1-g8b1a95d (webtiles) character file.

718 Knicklaso the Carver (level 7, -3/45 HPs)
             Began as a Demonspawn Gladiator on July 15, 2017.
             Was an Initiate of Hepliaklqana.
             Slain by Menkaure (17 damage)
             ... on level 5 of the Dungeon.
             The game lasted 00:25:45 (6679 turns).

Knicklaso the Carver (Demonspawn Gladiator)         Turns: 6679, Time: 00:25:45

Health: -3/45      AC:  8    Str: 15    XL:     7   Next: 42%
Magic:  5/7        EV: 11    Int: 11    God:    Hepliaklqana [......]
Gold:   174        SH:  0    Dex: 14    Spells: 6/6 levels left

rFire    + . .     SeeInvis .   a - +0 long sword
rCold    . . .     Gourm    .   (no shield)
rNeg     . . .     Faith    .   i - +0 ring mail
rPois    .         Spirit   .   (helmet restricted)
rElec    .         Reflect  .   (no cloak)
rCorr    .         Harm     .   (no gloves)
MR       .....                  h - +0 pair of boots
Stlth    +.........             (no amulet)
Regen    0.2/turn               t - ring of protection from fire
MPRegen  0.1/turn               (no ring)

@: no status effects
A: reduced essence, antennae 2, thin metallic scales 1, powered by pain 1
a: Recall Ancestor, Ancestor Identity, Renounce Religion


You were on level 5 of the Dungeon.
You worshipped Hepliaklqana.
Hepliaklqana was noncommittal.
You were not hungry.

You visited 1 branch of the dungeon, and saw 5 of its levels.

You collected 174 gold pieces.

Inventory:

Hand Weapons
 a - a +0 long sword (weapon)
 m - a +2 spear of venom
Missiles
 d - 3 throwing nets (quivered)
Armour
 h - a +0 pair of boots (worn)
 i - a +0 ring mail (worn)
 B - a +0 pair of gloves
Jewellery
 e - an uncursed amulet of the gourmand
 t - a ring of protection from fire (left hand)
 v - a +5 ring of strength {unknown}
Scrolls
 c - a scroll of enchant armour {unknown}
 l - a scroll of amnesia {unknown}
 n - 2 scrolls of identify {unknown}
 o - 3 scrolls of random uselessness {unknown}
 p - a scroll of fear {unknown}
 q - 4 scrolls of teleportation
 r - a scroll of fog {unknown}
 w - a scroll of noise {unknown}
 x - a scroll of remove curse {unknown}
 y - 2 scrolls of magic mapping {unknown}
 A - a scroll of enchant weapon {unknown}
Potions
 b - a potion of flight {unknown}
 g - 2 potions of berserk rage
 j - a potion of brilliance {unknown}
 k - 3 potions of curing {unknown}
 u - a potion of heal wounds {unknown}
 D - a potion of haste {unknown}
Comestibles
 f - a bread ration
 s - a royal jelly
 z - a meat ration
 C - 2 chunks of flesh


   Skills:
 - Level 2.0 Fighting
 + Level 8.0 Long Blades
 - Level 1.7 Throwing
 - Level 2.6 Dodging


You had 6 spell levels left.
You didn't know any spells.

Dungeon Overview and Level Annotations

Branches:
Dungeon (5/15)
 Temple: D:4-7

Altars:
Ashenzari
Hepliaklqana

Annotations:
D:5 Menkaure


Innate Abilities, Weirdness & Mutations

You have a pair of antennae on your head.
You are partially covered in thin metallic scales. (AC +2)
You sometimes gain a little power by taking damage.
Your life essence is reduced to manifest your ancestor. (-10% HP)


Message History

You barely miss the iguana.
The iguana is heavily wounded.
The iguana completely misses you.
You riposte.
You barely miss the iguana.
The iguana is heavily wounded.
You hit the iguana.
The iguana is heavily wounded.
The iguana barely misses you.
You riposte.
You hit the iguana but do no damage.
The iguana is heavily wounded.
You barely miss the iguana.
The iguana is heavily wounded.
The iguana barely misses you.
You slash the iguana!
You kill the iguana!
Press: ? - help, v - describe, . - travel, g - get item
Here: Menkaure (fast)
A scroll labeled ZIWABO YFUDD.
The floor, spattered with blood.
Zayda is recalled.
Menkaure hits you!
You die...

##### # (..## .#.
#(.. ....
#..##...#.
#..†...$..... #.M#
.#.# #?@# #.#.## #
#..# #....
+###.#..# .)...
.....#R.###.##.#.#
#..........##.#.#
###.#..######.#.#
#.#..######.#.# #
#...........#
#.#######......(..


You could see the friendly Zayda the ancestor and Menkaure.

Vanquished Creatures
  The ghost of BakaWarrior999 the Ruffian, an amateur NaTm of Cheibriados (D:4)
  A phantom (D:3)
  A howler monkey (D:4)
  A hound (D:4)
  2 orc priests
  A jelly (D:4)
  An iguana (D:5)
  An orc wizard (D:3)
  2 worker ants (D:4)
  A hound zombie (D:5)
  7 adders
  4 gnolls (D:3)
  A shadow imp (D:5)
  2 dart slugs (D:1)
  4 leopard geckos
  11 orcs
  4 giant cockroaches
  9 goblins
  9 hobgoblins
  11 jackals
  4 quokkas
  A ball python (D:3)
  6 bats
  2 frilled lizards
  11 kobolds
  A leopard gecko skeleton (D:4)
  6 rats
105 creatures vanquished.

Notes
Turn   | Place    | Note
-------+----------+-------------------------------------------
     0 | D:1      | Knicklaso the Demonspawn Gladiator began the quest for the Orb.
     0 | D:1      | Reached XP level 1. HP: 16/16 MP: 1/1
   220 | D:1      | Reached skill level 3 in Long Blades
   266 | D:1      | Gained mutation: You have a pair of small antennae on your head. [demonic ancestry]
   266 | D:1      | Reached XP level 2. HP: 17/22 MP: 2/2
   891 | D:2      | Reached XP level 3. HP: 26/27 MP: 3/3
   959 | D:2      | Reached skill level 4 in Long Blades
  1263 | D:2      | Reached XP level 4. HP: 32/33 MP: 4/4
  1798 | D:3      | Reached skill level 5 in Long Blades
  2115 | D:3      | Noticed a phantom
  3626 | D:3      | Killed a phantom
  3626 | D:3      | Gained mutation: You sometimes gain a little power by taking damage. [demonic ancestry]
  3626 | D:3      | Reached XP level 5. HP: 10/38 MP: 5/5
  4159 | D:3      | Reached skill level 6 in Long Blades
  4180 | D:3      | Gained mutation: You are partially covered in thin metallic scales. (AC +2) [demonic ancestry]
  4180 | D:3      | Reached XP level 6. HP: 19/44 MP: 6/6
  5103 | D:3      | Found a shattered altar of Ashenzari.
  5543 | D:4      | Noticed BakaWarrior999's ghost (amateur NaTm)
  5562 | D:4      | Killed BakaWarrior999's ghost
  5562 | D:4      | Reached skill level 7 in Long Blades
  5740 | D:4      | Gained mutation: You have a pair of antennae on your head. [demonic ancestry]
  5740 | D:4      | Reached XP level 7. HP: 31/50 MP: 7/7
  6614 | D:4      | Found a hazy altar of Hepliaklqana.
  6617 | D:4      | Became a worshipper of Hepliaklqana the Forgotten
  6620 | D:4      | You fall through a shaft!
  6620 | D:5      | Entered Level 5 of the Dungeon
  6661 | D:5      | Reached skill level 8 in Long Blades
  6669 | D:5      | Noticed Menkaure
  6679 | D:5      | Slain by Menkaure

Skill      XL: |  1  2  3  4  5  6  7 |
---------------+----------------------+-----
Long Blades    | 3 4 5 6 7 8 |  8.0
Fighting       | |  2.0
Throwing       | |  1.7
Dodging        | |  2.6

Action                   |  1- 3 |  4- 6 |  7- 9 || total
-------------------------+-------+-------+-------++-------
Melee: Long sword        |   116 |   279 |    83 ||   478
Invok: Recall Ancestor   |       |       |     1 ||     1
       Ancestor Identity |       |       |     1 ||     1
  Use: Scroll            |       |       |     1 ||     1
  Eat: Chunk             |     5 |     1 |     1 ||     7
       Bread ration      |       |     2 |     1 ||     3
Armor: Ring mail         |    43 |    77 |    24 ||   144
       Leather armour    |     1 |       |       ||     1
Dodge: Dodged            |    80 |   122 |    46 ||   248
       Rpst.: Long sword |    24 |    37 |    16 ||    77
